 Dungeon Crawl Stone Soup version 0.31-a0-1370-gf52a5a9ab3 (webtiles) character file.

Game seed: 3945269290825202243

84 Laraso the Magician (level 4, -3/45 HPs)
             Began as an Oni Hedge Wizard on Dec 23, 2023.
             Killed from afar by Natasha (5 damage)
             ... with a magic dart
             ... on level 2 of the Dungeon.
             The game lasted 00:04:03 (2230 turns).

Laraso the Magician (Oni Hedge Wizard)              Turns: 2230, Time: 00:04:07

Health: -3/45      AC:  3    Str: 14    XL:     4   Next: 46%
Magic:  2/10       EV:  9    Int: 17    God:
Gold:   90         SH:  0    Dex:  8    Spells: 2/11 levels left

rFire   . . .        h - +2 dagger (vamp)
rCold   . . .        (no shield)
rNeg    . . .        b - +0 robe
rPois   .            c - +0 hat
rElec   .            (no cloak)
rCorr   .            (gloves unavailable)
SInv    .            (boots unavailable)
Will    .....        (no amulet)
Stlth   +            (no ring)
HPRegen 0.27/turn    (no ring)
MPRegen 0.12/turn

%: no passive effects
@: very slightly contaminated, slowed, very slow
A: large, unfitting armour, horns 1, tough skin 1, double potion healing,
drunken brawling, talons 1, evolution 1, subdued magic 1
a: no special abilities


You were on level 2 of the Dungeon.
You visited 1 branch of the dungeon, and saw 2 of its levels.

You collected 90 gold pieces.

Inventory:

Hand Weapons
 h - a +2 vampiric dagger (weapon)
Armour
 b - a +0 robe (worn)
 c - a +0 hat (worn)
Scrolls
 a - a scroll of teleportation {unknown}
 e - 2 scrolls of amnesia {unknown}
 f - 3 scrolls of identify {unknown}
 g - a scroll of fear {unknown}
Potions
 d - a potion of magic


   Skills:
 - Level 3.0 Fighting
 - Level 1.0 Armour
 - Level 1.7 Dodging
 - Level 1.4 Stealth
 - Level 4.0 Spellcasting
 - Level 1.0 Conjurations
 * Level 0.9 Hexes
 - Level 1.0 Summonings
 - Level 1.0 Translocations
 * Level 0.9 Air Magic
 - Level 1.0 Alchemy


You had 2 spell levels left.
You knew the following spells:

 Your Spells              Type           Power      Damage    Failure   Level
a - Magic Dart            Conj           20%        1d4       9%          1
b - Blink                 Tloc           10%        N/A       13%         2
c - Slow                  Hex            20%        N/A       9%          1
d - Call Imp              Summ           10%        N/A       13%         2
f - Mephitic Cloud        Conj/Alch/Air  5%         N/A       28%         3

Your spell library contained the following spells:

 Spells                   Type           Power      Damage    Failure   Level
 Cigotuvi's Dreadful Rot  Necr/Alch/Air  8%         N/A       16%         2
 Leda's Liquefaction      Alch/Erth      1%         N/A       73%         4
 Lee's Rapid Deconstruct  Erth           1%         3d4*      99%         5
 Bombard                  Conj/Erth      1%         9d1       100%        6


Dungeon Overview and Level Annotations

Branches:
Dungeon (2/15)

Altars:
Okawaru

Shops:
D:2 (

Annotations:
D:2 Natasha


Innate Abilities, Weirdness & Mutations

You are too large for most types of armour.
You have a pair of small horns on your head.
You have tough skin. (AC +1)
You gain doubled healing and magic from potions.
Whenever you drink a healing potion, you attack all around you.
You have sharp toenails.
You have hidden genetic potential.
Your spells are a little easier to cast, but a little less powerful.


Message History

Casting: Magic Dart (safe; 11% risk of failure)
Confirm with . or Enter, or press ? or * to list all spells.
Aiming: Magic Dart (safe; 11% risk of failure)
Press: ? - help, Shift-Dir - straight line, f/p - Natasha
Aim: Natasha (severely wounded, 100% to hit)
The magic dart hits Natasha but does no damage.
Natasha is severely wounded.
Natasha claws you but does no damage.
Unknown command.
Casting: Magic Dart (safe; 11% risk of failure)
Confirm with . or Enter, or press ? or * to list all spells.
Aiming: Magic Dart (safe; 11% risk of failure)
Press: ? - help, Shift-Dir - straight line, f/p - Natasha
Aim: Natasha (severely wounded, 100% to hit)
The magic dart hits Natasha.
Natasha is almost dead.
Natasha extends her claws.
Natasha casts a spell at you. You resist with some effort. Natasha claws you.
Casting: Magic Dart (safe; 11% risk of failure)
Confirm with . or Enter, or press ? or * to list all spells.
Aiming: Magic Dart (safe; 11% risk of failure)
Press: ? - help, Shift-Dir - straight line, f/p - Natasha
Aim: Natasha (almost dead, 100% to hit)
You miscast Magic Dart.
You are very lightly contaminated with residual magic.
Nothing appears to happen.
Natasha claws you!
* * * LOW HITPOINT WARNING * * *
You aren't carrying any items that you can evoke.
Unknown command.
You aren't carrying any items that you can evoke.
It was a potion of mutation.
You feel extremely strange.
You feel a hidden potential growing inside you.
Your connection to magic feels subdued.
Your toenails lengthen and sharpen.
Natasha claws you!
* * * LOW HITPOINT WARNING * * *
Natasha casts a spell at you. The magic dart hits you.
You die...
Natasha begins licking her fur clean.

###############
########.).............
................>#####
#.......#######.# #.......#
#.# #.......# #.#####
#....†..# #......
##########@...#######.#####
#........h........).....#
#.########.......###.##.#
#.# #.......###.##.# ## #.#
#............#.# .## #.#
#.......###..#.# ..# #.#
##......#......# ..# #.#
......#.#..##### ..# #.#
......#.........


You could see Natasha.

Vanquished Creatures
  Natasha (D:2)
  An adder (D:2)
  2 dart slugs (D:2)
  2 bats
  4 endoplasms
  3 giant cockroaches
  3 hobgoblins
  6 jackals (D:1)
  8 ball pythons
  4 frilled lizards (D:1)
  3 goblins
  3 kobolds
  4 rats
44 creatures vanquished.

Notes
Turn   | Place    | Note
-------+----------+-------------------------------------------
     0 | D:1      | Laraso the Oni Hedge Wizard began the quest for the Orb.
     0 | D:1      | Reached XP level 1. HP: 16/16 MP: 5/5
   236 | D:1      | Reached skill level 4 in Spellcasting
   249 | D:1      | Reached skill level 1 in Fighting
   249 | D:1      | Reached XP level 2. HP: 11/27 MP: 0/7
   824 | D:1      | Reached XP level 3. HP: 36/36 MP: 1/8
   931 | D:1      | Learned a level 1 spell: Slow
   934 | D:1      | Learned a level 2 spell: Blink
   937 | D:1      | Learned a level 2 spell: Call Imp
   941 | D:1      | Learned a level 3 spell: Mephitic Cloud
  1499 | D:2      | Reached skill level 1 in Armour
  1564 | D:2      | Reached skill level 1 in Conjurations
  1567 | D:2      | Reached skill level 1 in Summonings
  1567 | D:2      | Reached skill level 1 in Translocations
  1693 | D:2      | Noticed Natasha
  1760 | D:2      | Found Dimac's Antique Weapon Boutique.
  1849 | D:2      | Found an iron altar of Okawaru.
  2042 | D:2      | Reached XP level 4. HP: 45/45 MP: 7/10
  2131 | D:2      | Found a faded altar of an unknown god.
  2204 | D:2      | Killed Natasha
  2205 | D:2      | Reached skill level 1 in Alchemy
  2220 | D:2      | Noticed Natasha
  2230 | D:2      | Gained mutation: You have hidden genetic potential. [potion
                  | of mutation]
  2230 | D:2      | Gained mutation: Your spells are a little easier to cast,
                  | but a little less powerful. [potion of mutation]
  2230 | D:2      | Gained mutation: You have sharp toenails. [potion of
                  | mutation]
  2230 | D:2      | HP: 2/45 [Natasha (9)]
  2230 | D:2      | Killed from afar by Natasha

Illustrated notes

Levels and vault maps discovered:
D:1:      amcnicky_arrival_wind_blow, layout_loops_ring
D:2:      layout_basic, basic_altar, serial_shops, nicolae_shop_crystal,
          chequers_ecumenical_altar_twisty, nicolae_figureground_pulse,
          uniq_natasha

Skill      XL: |  1  2  3  4 |
---------------+-------------+-----
Spellcasting   | 4 |  4.0
Fighting       | 1 2 3 |  3.0
Armour         | 1 |  1.0
Conjurations   | 1 |  1.0
Summonings     | 1 |  1.0
Translocations | 1 |  1.0
Alchemy        | 1 |  1.0
Dodging        | |  1.7
Stealth        | |  1.4
Hexes          | |  0.9
Air Magic      | |  0.9

Action                     |  1- 3 |  4- 6 || total
---------------------------+-------+-------++-------
  Melee: Dagger            |    61 |     6 ||    67
         Headbutt          |     4 |     2 ||     6
   Cast: Magic Dart        |    96 |    16 ||   112
         Slow              |     2 |       ||     2
         Call Imp          |     1 |       ||     1
    Use: Scroll            |     2 |       ||     2
         Potion            |       |     1 ||     1
 Armour: Robe              |    55 |    19 ||    74
  Dodge: Dodged            |    51 |     3 ||    54

Table legend: (Time is in decaauts)
 A = Elapsed time spent in this place.
 B = Non-inter-level travel time spent in this place.
 C = Inter-level travel time spent in this place.
 D = Time resting spent in this place.
 E = Time spent auto-exploring this place.
 F = Levels seen in this place.
 G = Mean time per level.
                   A        B        C        D        E       F      G
               +--------+--------+--------+--------+--------+-----+--------+
         Total |   2232 |   2203 |     29 |    324 |   1544 |   2 | 1116.0 |
       Dungeon |   2232 |   2203 |     29 |    324 |   1544 |   2 | 1116.0 |
               +--------+--------+--------+--------+--------+-----+--------+

Top non-repeatable levels by time:
     D:1: 1439 daAuts
     D:2: 793 daAuts
